[Event "January 2 Early 2024"]
[Site "https://www.chess.com"]
[Date "2024.01.02"]
[Round "8"]
[White "Andersson, Bjorn 1960"]
[Black "Tifferet, Shakked"]
[Result "1-0"]
[Board "126"]
[TimeControl "180+1"]
[WhiteFideId "1700545"]
[BlackFideId "2811529"]
[WhiteElo "2375"]
[BlackElo "2520"]
[WhiteTeam "SWE"]
[BlackTeam "ISR"]
[WhiteClock "0:00:09"]
[BlackClock "0:00:25"]

1. e4 c5 2. Nc3 e6 3. Nge2 a6 4. a4 Nc6 5. g3 g6 6. Bg2 Bg7 7. O-O Nge7 8. d3 O-O 9. Be3 b6 10. Qd2 d5 11. exd5 exd5 12. d4 Nf5 13. dxc5 Be6 14. Nxd5 Nxe3 15. fxe3 bxc5 16. Rad1 Rb8 17. c3 Ne5 18. Qc2 Nc4 19. Nf6+ Qxf6 20. Rxf6 Nxe3 21. Qc1 Nxd1 22. Rxe6 fxe6 23. Qxd1 Rxb2 24. h4 Bh6 25. Qd3 Rd2 26. Qe4 Rd1+ 27. Kh2 Rf2 28. Qxe6+ Kf8 29. Nf4 Bxf4 30. gxf4 Rdd2 31. Qf6+ Ke8 32. Qh8+ Kf7 33. Qxh7+ Kf6 34. Qh8+ Ke7 35. Qg7+ Kd8 36. Qxg6 Ke7 37. h5 a5 38. h6 Rd6 39. Qxd6+ Kxd6 40. h7 Rxf4 41. h8=Q Rxa4 42. Qd8+ Ke6 43. Qe8+ Kd6 44. Qxa4 c4 45. Qxc4 Ke5 46. Qd5+ Kf4 47. Qe4+ Kg5 48. Kg3 a4 49. Qe5+ Kg6 50. Be4+ Kf7 51. Bd5+ Kg6 52. Kg4 a3 53. Qe6+ Kg7 54. Qf7+ Kh6 55. Be4 a2 56. Qg6# 1-0

[Event "January 2 Early 2024"]
[Site "https://www.chess.com"]
[Date "2024.01.02"]
[Round "8"]
[White "Nayak Rajesh"]
[Black "Bold, Andre"]
[Result "1-0"]
[Board "127"]
[TimeControl "180+1"]
[WhiteFideId "35017152"]
[BlackFideId "16208471"]
[WhiteElo "2372"]
[BlackElo "2513"]
[WhiteTeam "IND"]
[BlackTeam "GER"]
[WhiteClock "0:01:01"]
[BlackClock "0:00:05"]

1. b3 d5 2. Bb2 Nf6 3. f4 c5 4. Nf3 Nc6 5. e3 g6 6. Bb5 Bd7 7. O-O Bg7 8. d3 O-O 9. Bxc6 Bxc6 10. Ne5 Rc8 11. Nd2 Be8 12. Ndf3 Nd7 13. c4 f6 14. Ng4 Bf7 15. cxd5 Bxd5 16. e4 Bc6 17. f5 Nb6 18. Rc1 Qd6 19. Ne3 Nd7 20. Nc4 Qb8 21. a4 b6 22. Qd2 a6 23. Nh4 g5 24. Nf3 b5 25. axb5 axb5 26. Ne3 h5 27. g4 hxg4 28. Nxg4 Rf7 29. Kg2 Bf8 30. h4 gxh4 31. Nxh4 Rg7 32. Ng6 Kf7 33. Rh1 c4 34. bxc4 bxc4 35. Rxc4 Ba8 36. Rxc8 Qxc8 37. Rh8 Rg8 38. Rxg8 Kxg8 39. Bd4 Kf7 40. Kf3 Qa6 41. Nf4 Qb5 42. Qh2 Ke8 43. Qh5+ Kd8 44. Ne6+ Kc8 45. Qe8+ Kb7 46. Nc5+ Kc7 47. Qxa8 Nxc5 48. Bxc5 Qxd3+ 49. Be3 Qf1+ 50. Nf2 Bh6 51. Qa7+ Kd8 52. Bxh6 Qb1 53. Qe3 Ke8 54. Bf4 Kf7 55. Qe2 Ke8 56. Kg3 Kf7 57. Qh5+ Kf8 58. Bh6+ Kg8 59. Qg6+ Kh8 60. Qg7# 1-0

[Event "January 2 Early 2024"]
[Site "https://www.chess.com"]
[Date "2024.01.02"]
[Round "8"]
[White "Bueno, Alfeu Junior Varela"]
[Black "Yashmetov, Mikhail"]
[Result "0-1"]
[Board "129"]
[TimeControl "180+1"]
[WhiteFideId "2108879"]
[BlackFideId "24198900"]
[WhiteElo "2355"]
[BlackElo "2505"]
[WhiteTeam "BRA"]
[BlackTeam "RUS"]
[WhiteClock "0:00:01"]
[BlackClock "0:00:58"]

1. e4 c6 2. d4 d5 3. f3 e5 4. dxe5 Bc5 5. exd5 Qb6 6. Nh3 Bxh3 7. gxh3 cxd5 8. Nc3 Ne7 9. Nxd5 Nxd5 10. Qxd5 Nc6 11. Bg5 Qxb2 12. Rd1 Bb4+ 13. Kf2 O-O 14. Bc4 Nxe5 15. Bb3 Rae8 16. Rhg1 Ng6 17. Bc1 Qf6 18. Bg5 Qb6+ 19. Kg3 Re5 20. Qd8 Rxd8 21. Rxd8+ Bf8 22. Be7 Rxe7 0-1

[Event "January 2 Early 2024"]
[Site "https://www.chess.com"]
[Date "2024.01.02"]
[Round "8"]
[White "Ankerst, Mihael"]
[Black "Novikov, Evgenij"]
[Result "1-0"]
[Board "130"]
[TimeControl "180+1"]
[WhiteFideId "14602369"]
[BlackFideId "4125380"]
[WhiteElo "2332"]
[BlackElo "2504"]
[WhiteTeam "SLO"]
[BlackTeam "RUS"]
[WhiteClock "0:00:50"]
[BlackClock "0:00:07"]

1. e4 f6 2. d4 g6 3. Nc3 Nh6 4. f4 Bg7 5. Nf3 O-O 6. Be2 d6 7. O-O Kh8 8. Kh1 c6 9. d5 c5 10. Bc4 Na6 11. h3 Nc7 12. Be3 b5 13. Nxb5 Nxb5 14. Bxb5 Rb8 15. Bc4 Rxb2 16. Bb3 Ba6 17. c4 f5 18. e5 dxe5 19. fxe5 f4 20. Bc1 Rxb3 21. axb3 Bc8 22. Rxa7 Qb6 23. Ra8 Qb7 24. Ra5 Qc7 25. Ra8 Qb7 26. Ra3 Bf5 27. Kh2 Be4 28. Ng5 Bxg2 29. Kxg2 Bxe5 30. Ne6 Rf5 31. Bxf4 Bxf4 32. Rxf4 Rxf4 33. Nxf4 Nf5 34. Qa1+ Kg8 35. Ne6 Qb4 36. Ra8+ Kf7 37. Rf8# 1-0

[Event "January 2 Early 2024"]
[Site "https://www.chess.com"]
[Date "2024.01.02"]
[Round "8"]
[White "Preobrazhenskaya, Diana"]
[Black "Petre, Nad-Titus"]
[Result "1-0"]
[Board "131"]
[TimeControl "180+1"]
[WhiteFideId "34270566"]
[BlackFideId "1204165"]
[WhiteElo "2354"]
[BlackElo "2503"]
[WhiteTeam "FID"]
[BlackTeam "ROU"]
[WhiteClock "0:00:08"]
[BlackClock "0:00:01"]

1. e4 d5 2. exd5 Nf6 3. d4 Qxd5 4. Nf3 Bg4 5. Be2 e6 6. O-O Nc6 7. h3 Bh5 8. c4 Qd7 9. Be3 O-O-O 10. Nbd2 Rg8 11. a3 Kb8 12. Ne5 Nxe5 13. dxe5 Bxe2 14. Qxe2 Ne8 15. b4 f6 16. Ne4 fxe5 17. Rfd1 Qc8 18. Rxd8 Qxd8 19. Rd1 Qc8 20. c5 Nf6 21. Ng5 h6 22. Nf7 e4 23. Rd8 Be7 24. Rxc8+ Rxc8 25. c6 Nd5 26. Ne5 Rd8 27. Nd7+ Kc8 28. Bxa7 bxc6 29. Nc5 Bxc5 30. Qa6+ Kd7 31. Bxc5 g5 32. Qe2 Rf8 33. Qxe4 Rf5 34. a4 h5 35. a5 Kc8 36. a6 Kb8 37. Qxe6 1-0

[Event "January 2 Early 2024"]
[Site "https://www.chess.com"]
[Date "2024.01.02"]
[Round "8"]
[White "Adireddy Arjun"]
[Black "Kornyukov, Alexey"]
[Result "0-1"]
[Board "132"]
[TimeControl "180+1"]
[WhiteFideId "25647709"]
[BlackFideId "4150457"]
[WhiteElo "2502"]
[BlackElo "2310"]
[WhiteTeam "IND"]
[BlackTeam "RUS"]
[WhiteClock "0:00:07"]
[BlackClock "0:00:12"]

1. e4 c5 2. c3 e6 3. d4 cxd4 4. cxd4 d5 5. exd5 exd5 6. Nf3 Nc6 7. Nc3 Nf6 8. Bb5 Bb4 9. Ne5 O-O 10. Bxc6 bxc6 11. Nxc6 Qe8+ 12. Ne5 Ne4 13. O-O Nxc3 14. bxc3 Bxc3 15. Ba3 Bxa1 16. Bxf8 Qxf8 17. Qxa1 Ba6 18. Rc1 Rc8 19. Rxc8 Qxc8 20. Qb2 h6 21. h3 f6 22. Ng4 Qc7 23. Ne3 Bc4 24. a3 a5 25. Qc2 Qc6 26. Qf5 Kf7 27. Ng4 Qe6 28. Qh7 Qe1+ 29. Kh2 Qd2 30. Qh8 Qxd4 31. Qb8 g5 32. Qc7+ Kg6 33. Qd6 Qf4+ 34. Qxf4 gxf4 35. Kg1 h5 36. Nh2 Kf5 37. f3 d4 38. Kf2 a4 39. Ke1 Ke5 40. Kd1 d3 41. Nf1 Kd4 42. Nd2 Bb3+ 43. Kc1 Ke3 44. Ne4 f5 45. Nd2 Kf2 46. Nxb3 axb3 47. a4 b2+ 48. Kxb2 d2 49. a5 d1=Q 50. a6 Qd4+ 51. Kb3 Qb6+ 52. Kc3 Qxa6 53. Kd4 Kxg2 54. Ke5 Kxf3 55. Kxf5 Qb5+ 56. Kg6 Qc6+ 57. Kh7 Qd7+ 58. Kh8 Qf5 59. Kg7 Qg5+ 60. Kh8 Qe7 61. h4 Ke4 62. Kg8 Kf5 63. Kh8 Kg6 64. Kg8 Qe8# 0-1

[Event "January 2 Early 2024"]
[Site "https://www.chess.com"]
[Date "2024.01.02"]
[Round "8"]
[White "xakevicius91"]
[Black "Skaric, Djuro"]
[Result "1-0"]
[Board "133"]
[TimeControl "180+1"]
[BlackFideId "934569"]
[WhiteElo "2502"]
[BlackElo "2307"]
[BlackTeam "SRB"]
[WhiteClock "0:00:23"]
[BlackClock "0:01:31"]

1. a3 d6 2. d4 Nf6 3. Nc3 g6 4. e4 Bg7 5. Nge2 O-O 6. g3 Nc6 7. Bg2 e5 8. d5 Ne7 9. Be3 Ne8 10. g4 f5 11. gxf5 gxf5 12. f3 Ng6 13. Qd2 Nh4 14. Rg1 Nxg2+ 15. Rxg2 f4 16. Bf2 Kh8 17. O-O-O Bf6 18. Rdg1 a6 19. Na2 Bd7 20. Qe1 Bh3 21. Rg4 Bxg4 22. Rxg4 Qe7 23. Nac3 Ng7 24. Nd1 Rg8 25. h3 Nh5 26. c4 h6 27. Qc3 Bg5 28. c5 Nf6 29. Rg2 Nh7 30. Be1 Rgc8 31. h4 Bxh4 32. Nxf4 Bg5 33. Bd2 Qg7 34. Ne6 Bxd2+ 35. Qxd2 Qf6 36. Rh2 Rg8 37. Rxh6 Rg6 38. Rh3 Kg8 39. Nxc7 Rc8 40. Ne6 dxc5 41. Ne3 b5 42. Nf5 Ng5 43. Rg3 Qxe6 44. dxe6 1-0

[Event "January 2 Early 2024"]
[Site "https://www.chess.com"]
[Date "2024.01.02"]
[Round "8"]
[White "Santos Flores, Alberto"]
[Black "Jahnz, Fabian"]
[Result "0-1"]
[Board "134"]
[TimeControl "180+1"]
[WhiteFideId "3601234"]
[BlackFideId "4653300"]
[WhiteElo "2501"]
[BlackElo "2306"]
[WhiteTeam "ECU"]
[BlackTeam "GER"]
[WhiteClock "0:00:00"]
[BlackClock "0:00:06"]

1. e4 c6 2. c4 d5 3. exd5 cxd5 4. cxd5 Nf6 5. Qa4+ Nbd7 6. Bc4 g6 7. Nc3 Bg7 8. Nf3 O-O 9. d3 a6 10. Qa3 b6 11. O-O Bb7 12. Re1 Re8 13. h3 b5 14. Bb3 Nb6 15. d6 Qxd6 16. Qxd6 exd6 17. Bf4 Bxf3 18. gxf3 d5 19. Bc7 Nbd7 20. Nxd5 Nxd5 21. Bxd5 Rac8 22. Rxe8+ Rxe8 23. Ba5 Nc5 24. d4 Bxd4 25. Kf1 Bxb2 26. Rb1 Bd4 27. Rd1 Bg7 28. Bb4 Na4 29. Bb7 Bc3 30. Bd6 Rd8 31. Ke2 a5 32. Bc6 Bf6 33. Rd2 Nc3+ 34. Ke3 b4 35. Bc7 Rxd2 36. Kxd2 a4 37. Ba5 Nxa2 38. Bxa4 Nc3 39. Bb3 Be7 40. Kd3 Nb5 41. Kc4 Nd6+ 42. Kxb4 Ne4+ 43. Kc4 Nxf2 44. Kd5 Nxh3 45. Ke4 Ng5+ 46. Ke3 h5 47. f4 Nh7 48. f5 gxf5 49. Kf4 Kg7 50. Kxf5 Nf8 51. Bc3+ f6 52. Bd1 h4 53. Kg4 Ng6 54. Bc2 h3 55. Kxh3 Nf4+ 56. Kg4 Nd5 57. Bd2 Bc5 58. Kf5 Be3 59. Be1 Bc1 60. Ke4 Ne7 61. Bb3 Bg5 62. Bb4 Ng6 63. Bc3 Nh4 64. Bc2 Kh6 0-1

[Event "January 2 Early 2024"]
[Site "https://www.chess.com"]
[Date "2024.01.02"]
[Round "8"]
[White "Rodriguez Avila, Alvaro"]
[Black "Stojanovski, Sandi"]
[Result "0-1"]
[Board "135"]
[TimeControl "180+1"]
[WhiteFideId "24570249"]
[BlackFideId "1403249"]
[WhiteElo "2281"]
[BlackElo "2500"]
[WhiteTeam "ESP"]
[BlackTeam "DEN"]
[WhiteClock "0:00:02"]
[BlackClock "0:00:06"]

1. e4 d6 2. d4 Nf6 3. Nc3 g6 4. Nf3 Bg7 5. Be2 O-O 6. O-O Bg4 7. Be3 Nc6 8. Re1 e5 9. dxe5 dxe5 10. h3 Bxf3 11. Bxf3 Nd4 12. Be2 c6 13. Bc4 b5 14. Bb3 a5 15. a4 Nxb3 16. cxb3 b4 17. Ne2 Nxe4 18. Qc2 f5 19. Qxc6 Qd3 20. Qc4+ Qxc4 21. bxc4 Rfc8 22. Rac1 f4 23. Bb6 Rc6 24. f3 Nd2 25. c5 Nb3 26. Rc2 Bf8 27. Nc1 Bxc5+ 28. Kh1 Nxc1 29. Rcxc1 Rxb6 30. Rxc5 Rd8 31. Re2 Re6 32. Rxa5 Rd1+ 33. Kh2 Rc6 34. Raxe5 Rcc1 35. g4 Rh1+ 36. Kg2 Rcg1+ 37. Kf2 Rg3 38. Re8+ Kg7 39. R2e7+ Kh6 40. Re1 Rh2+ 41. Kf1 Rxf3+ 42. Kg1 Rfxh3 43. R8e2 Rh1+ 44. Kf2 R3h2+ 45. Kf3 Rxe1 46. Rxe1 Rxb2 47. Kxf4 Ra2 48. g5+ Kg7 49. Re7+ Kg8 50. Rb7 Rxa4 51. Ke5 Ra5+ 52. Kf6 Ra6+ 53. Ke5 Ra5+ 54. Kf6 Rf5+ 55. Ke6 Rxg5 56. Rb8+ Kg7 57. Rxb4 Rf5 58. Rb7+ Kh6 59. Rg7 Rh5 60. Kf6 Rf5+ 61. Ke6 Kxg7 0-1

[Event "January 2 Early 2024"]
[Site "https://www.chess.com"]
[Date "2024.01.02"]
[Round "8"]
[White "Merikard"]
[Black "Balla, Tamas-Kristof"]
[Result "0-1"]
[Board "136"]
[TimeControl "180+1"]
[BlackFideId "1208497"]
[WhiteElo "2253"]
[BlackElo "2497"]
[BlackTeam "ROU"]
[WhiteClock "0:00:36"]
[BlackClock "0:02:03"]

1. d4 d5 2. c4 e6 3. Nc3 c5 4. cxd5 exd5 5. Nf3 Nc6 6. g3 Nf6 7. Bg2 cxd4 8. Nxd4 Bc5 9. Nb3 Bb6 10. Nxd5 Be6 11. Nxb6 Qxd1+ 12. Kxd1 axb6 13. Kc2 Nb4+ 14. Kc3 Nxa2+ 15. Rxa2 Rxa2 16. Be3 O-O 17. Bxb7 Rb8 18. Bf3 Rc8+ 0-1

[Event "January 2 Early 2024"]
[Site "https://www.chess.com"]
[Date "2024.01.02"]
[Round "8"]
[White "Piddubna, Bozhena"]
[Black "Lopusiewicz, Piotr"]
[Result "1-0"]
[Board "137"]
[TimeControl "180+1"]
[WhiteFideId "34109293"]
[BlackFideId "1116029"]
[WhiteElo "2246"]
[BlackElo "2491"]
[WhiteTeam "UKR"]
[BlackTeam "POL"]
[WhiteClock "0:01:14"]
[BlackClock "0:01:10"]

1. d4 Nf6 2. Nf3 d5 3. c4 e6 4. g3 dxc4 5. Bg2 c5 6. O-O Nc6 7. Qa4 Bd7 8. Qxc4 b5 9. Qc3 b4 10. Qd3 Rc8 11. dxc5 Bxc5 12. Be3 Bxe3 13. Qxe3 O-O 14. Nbd2 Nd5 15. Qe4 Qe7 16. Nc4 Rfd8 17. Rfd1 Be8 18. Ne1 Nf6 19. Qe3 Nd5 20. Bxd5 exd5 21. Qxe7 Nxe7 22. Na5 Ba4 23. b3 Bb5 24. Rd2 Rc5 25. Nb7 Rc7 26. Nxd8 1-0

[Event "January 2 Early 2024"]
[Site "https://www.chess.com"]
[Date "2024.01.02"]
[Round "8"]
[White "Hasanagic, Anel"]
[Black "Kohler, Aran"]
[Result "1-0"]
[Board "138"]
[TimeControl "180+1"]
[WhiteFideId "14605791"]
[BlackFideId "1002856"]
[WhiteElo "2491"]
[BlackElo "2231"]
[WhiteTeam "SLO"]
[BlackTeam "NED"]
[WhiteClock "0:00:07"]
[BlackClock "0:00:11"]

1. b4 c6 2. Bb2 Qb6 3. a3 a5 4. c3 Nf6 5. Nf3 g6 6. e3 Bg7 7. Be2 O-O 8. O-O d6 9. d4 Nbd7 10. Nbd2 e5 11. Nc4 Qc7 12. Nxa5 e4 13. Nd2 d5 14. c4 b6 15. Nab3 Ba6 16. cxd5 Bxe2 17. Qxe2 cxd5 18. Rfc1 Qb7 19. a4 Rfc8 20. h3 Rxc1+ 21. Bxc1 Ne8 22. a5 bxa5 23. bxa5 Nd6 24. Rb1 Qc6 25. Ba3 Nb5 26. Bb4 Bf8 27. Rc1 Qb7 28. Bxf8 Kxf8 29. f3 exf3 30. Qxf3 Kg7 31. Rf1 Rf8 32. Qg3 Nc3 33. Qd6 Ne4 34. Nxe4 dxe4 35. Nc5 Nxc5 36. Qe5+ f6 37. Qxc5 Ra8 38. Qb6 Qd5 39. Qxf6+ Kh6 40. a6 Qa2 41. Qf4+ Kg7 42. Qxe4 Qxa6 43. Qe5+ Kh6 44. Rf6 Qe2 45. Qf4+ Kh5 46. Re6 Ra1+ 47. Kh2 Rh1+ 48. Kxh1 Qe1+ 49. Kh2 h6 50. Qg4# 1-0

[Event "January 2 Early 2024"]
[Site "https://www.chess.com"]
[Date "2024.01.02"]
[Round "8"]
[White "Biriukov, Ilja"]
[Black "Shishkov, Andrei"]
[Result "1-0"]
[Board "139"]
[TimeControl "180+1"]
[WhiteFideId "4113373"]
[BlackFideId "4500563"]
[WhiteElo "2210"]
[BlackElo "2489"]
[WhiteTeam "RUS"]
[BlackTeam "EST"]
[WhiteClock "0:00:24"]
[BlackClock "0:00:00"]

1. d4 Nf6 2. Nc3 d5 3. Bf4 c5 4. e3 cxd4 5. exd4 Bg4 6. f3 Bd7 7. Qd2 Nc6 8. O-O-O e6 9. g4 a6 10. h4 b5 11. h5 b4 12. Na4 Qa5 13. b3 h6 14. Kb1 Rc8 15. Nc5 Bxc5 16. dxc5 e5 17. Bg3 O-O 18. g5 hxg5 19. Qxg5 Nh7 20. Qe3 d4 21. Qc1 Bf5 22. Bd3 Bxd3 23. Rxd3 Qxc5 24. h6 g6 25. Nh3 Rfe8 26. Ng5 Ne7 27. Ne4 Qb5 28. Qd2 Qc6 29. Bxe5 Nd5 30. Bxd4 Rcd8 31. Bb2 a5 32. Rd1 Nc3+ 33. Nxc3 Rxd3 34. Qxd3 bxc3 35. Qxc3 Qxc3 36. Bxc3 Ng5 37. f4 Ne4 38. Bg7 Kh7 39. Rd5 Rg8 40. Rxa5 f6 41. Ra7 g5 42. Bxf6+ Kxh6 43. Bxg5+ Nxg5 44. fxg5+ 1-0

[Event "January 2 Early 2024"]
[Site "https://www.chess.com"]
[Date "2024.01.02"]
[Round "8"]
[White "Beydullayeva, Govhar"]
[Black "Gopal, K.N."]
[Result "1-0"]
[Board "140"]
[TimeControl "180+1"]
[WhiteFideId "13413015"]
[BlackFideId "5001447"]
[WhiteElo "2463"]
[BlackElo "2199"]
[WhiteTeam "AZE"]
[BlackTeam "IND"]
[WhiteClock "0:01:19"]
[BlackClock "0:00:14"]

1. Nf3 d5 2. g3 c5 3. Bg2 Nc6 4. d4 Nf6 5. O-O e6 6. c4 Be7 7. cxd5 exd5 8. dxc5 Bxc5 9. a3 a6 10. b4 Ba7 11. Bb2 Be6 12. Nbd2 O-O 13. Nb3 h6 14. Rc1 Ne4 15. Nfd4 Bd7 16. Nxc6 bxc6 17. Bd4 Bxd4 18. Qxd4 Nf6 19. Na5 Qe8 20. e3 Qe6 21. Rc3 Rfc8 22. Rfc1 Ng4 23. h3 Ne5 24. f4 Ng6 25. g4 Nh4 26. Bh1 f5 27. Nxc6 Rxc6 28. Bxd5 Nf3+ 29. Bxf3 Rxc3 30. Rxc3 1-0

[Event "January 2 Early 2024"]
[Site "https://www.chess.com"]
[Date "2024.01.02"]
[Round "8"]
[White "Quirke, Jeffrey"]
[Black "Shinkarev, M"]
[Result "0-1"]
[Board "141"]
[TimeControl "180+1"]
[WhiteFideId "2013029"]
[BlackFideId "4145348"]
[WhiteElo "2074"]
[BlackElo "2444"]
[WhiteTeam "USA"]
[BlackTeam "RUS"]
[WhiteClock "0:00:08"]
[BlackClock "0:01:22"]

1. e4 e5 2. Nf3 d6 3. d4 Nd7 4. Bc4 c6 5. a4 Be7 6. O-O Ngf6 7. Re1 O-O 8. Nc3 h6 9. h3 b6 10. d5 Bb7 11. dxc6 Bxc6 12. b3 Qc7 13. Bb2 Qb7 14. Nd2 Rfd8 15. Qe2 Bf8 16. Ba6 Qc7 17. Nb5 Bxb5 18. Bxb5 Qxc2 19. Ba3 Qc7 20. Rac1 Qb7 21. Bc6 Qb8 22. Nc4 Nc5 23. Bxc5 dxc5 24. Bxa8 Qxa8 25. f3 Rd4 26. Red1 Nh5 27. Rxd4 exd4 28. Qd2 Qb8 29. e5 Be7 30. g4 Bg5 31. Qd1 Nf4 32. Kh2 Nd5 33. Qe2 Bxc1 34. f4 0-1

[Event "January 2 Early 2024"]
[Site "https://www.chess.com"]
[Date "2024.01.02"]
[Round "8"]
[White "Rozman, Levy"]
[Black "Nikulina, Alena"]
[Result "1-0"]
[Board "142"]
[TimeControl "180+1"]
[WhiteFideId "2039877"]
[BlackFideId "4172051"]
[WhiteElo "2643"]
[BlackElo "2102"]
[WhiteTeam "USA"]
[BlackTeam "RUS"]
[WhiteClock "0:02:25"]
[BlackClock "0:01:02"]

1. d4 d5 2. Bg5 f6 3. Bh4 g5 4. Bg3 h5 5. h4 Bf5 6. e3 c6 7. c4 e6 8. Nc3 Bd6 9. Nge2 Ne7 10. c5 Bxg3 11. Nxg3 Bg6 12. hxg5 fxg5 13. Nxh5 Nd7 14. Nf6+ Kf7 15. Rxh8 Qxh8 16. Nxd7 Qh2 17. Ne5+ Kg7 18. Nxg6 Nxg6 19. Qe2 e5 20. O-O-O e4 21. f3 exf3 22. gxf3 Qc7 23. Qf2 Nh4 24. f4 Rf8 25. Bd3 gxf4 26. Qxh4 fxe3 1-0

[Event "January 2 Early 2024"]
[Site "https://www.chess.com"]
[Date "2024.01.02"]
[Round "8"]
[White "Palczert, Matyas"]
[Black "Fernandez Garcia, Gumersindo"]
[Result "1-0"]
[Board "143"]
[TimeControl "180+1"]
[WhiteFideId "784958"]
[BlackFideId "24516740"]
[WhiteElo "2587"]
[BlackElo "2367"]
[WhiteTeam "HUN"]
[BlackTeam "ESP"]
[WhiteClock "0:00:58"]
[BlackClock "0:00:16"]

1. d4 Nf6 2. Nc3 d5 3. e4 Nxe4 4. Nxe4 dxe4 5. Be3 Bf5 6. g4 Bg6 7. Bg2 c6 8. Ne2 Nd7 9. h4 h5 10. Nf4 e5 11. Nxg6 fxg6 12. Bxe4 Qf6 13. g5 Qe6 14. Qd3 O-O-O 15. d5 cxd5 16. Bxd5 Qd6 17. O-O-O Be7 18. Bxb7+ Kxb7 19. Qxd6 Bxd6 20. Rxd6 Nb6 21. Rxg6 Rd7 22. Bxb6 axb6 23. Re6 Rf8 24. Rd1 Rc7 25. Rd2 Rf4 26. Rxe5 Rxh4 27. Rde2 Rh1+ 28. Re1 Rh2 29. Re7 Rxf2 30. Rxc7+ Kxc7 31. Re7+ Kd6 32. Rxg7 Rf1+ 33. Kd2 Rf2+ 34. Kc3 Rf3+ 35. Kb4 Rf2 36. Kb3 Rg2 37. a4 Rg4 38. Rg6+ Kc5 39. Rg8 Rg3+ 40. c3 Rg4 41. g6 h4 42. g7 h3 43. Rc8+ 1-0

[Event "January 2 Early 2024"]
[Site "https://www.chess.com"]
[Date "2024.01.02"]
[Round "8"]
[White "Smirnov, Mark"]
[Black "Schuh, Karsten"]
[Result "1-0"]
[Board "144"]
[TimeControl "180+1"]
[WhiteFideId "13764594"]
[BlackFideId "4637950"]
[WhiteElo "2535"]
[BlackElo "2365"]
[WhiteTeam "KAZ"]
[BlackTeam "GER"]
[WhiteClock "0:00:06"]
[BlackClock "0:00:07"]

1. e4 c5 2. a3 Nc6 3. b4 d5 4. exd5 Qxd5 5. Nf3 Bg4 6. bxc5 e5 7. Nc3 Qd7 8. h3 Bh5 9. g4 Bg6 10. Bb5 f6 11. d4 exd4 12. Nxd4 Bxc5 13. Qe2+ Nge7 14. Ne6 Bb6 15. Nxg7+ Kf7 16. Bh6 Kg8 17. Bc4+ Bf7 18. Nh5 Qd6 19. Ne4 Bxc4 20. Qxc4+ Qd5 21. Nhxf6+ Kf7 22. Nxd5 Ne5 23. Ng5+ Kg6 24. Nxe7+ Kf6 25. Qe6# 1-0

[Event "January 2 Early 2024"]
[Site "https://www.chess.com"]
[Date "2024.01.02"]
[Round "8"]
[White "Baches Garcia, Guillermo"]
[Black "Tuleyeva-Aketayeva, Dana"]
[Result "1-0"]
[Board "145"]
[TimeControl "180+1"]
[WhiteFideId "2209764"]
[BlackFideId "13701932"]
[WhiteElo "2505"]
[BlackElo "2330"]
[WhiteTeam "ESP"]
[BlackTeam "KAZ"]
[WhiteClock "0:00:34"]
[BlackClock "0:00:00"]

1. d4 Nf6 2. Nf3 e6 3. Bg5 Be7 4. e3 b6 5. Nbd2 O-O 6. Bd3 Ba6 7. Bxa6 Nxa6 8. O-O c5 9. c3 Nc7 10. Qe2 d5 11. Ne5 Qe8 12. f4 Ne4 13. Bxe7 Qxe7 14. Nxe4 dxe4 15. Qc2 f5 16. Rad1 Nd5 17. Qe2 cxd4 18. Rxd4 Rac8 19. a3 Rfd8 20. Rfd1 g5 21. c4 gxf4 22. cxd5 f3 23. gxf3 Qf6 24. f4 Rc7 25. dxe6 Rxd4 26. Rxd4 Rc1+ 27. Rd1 Qg7+ 28. Kf2 Rc8 29. Rg1 Kf8 30. Rxg7 Kxg7 31. Qh5 Rc2+ 32. Kg3 Rc7 33. Qg5+ 1-0

[Event "January 2 Early 2024"]
[Site "https://www.chess.com"]
[Date "2024.01.02"]
[Round "8"]
[White "Korol, Dimitry"]
[Black "Leisch, Lukas"]
[Result "0-1"]
[Board "146"]
[TimeControl "180+1"]
[WhiteFideId "14108003"]
[BlackFideId "1632094"]
[WhiteElo "2320"]
[BlackElo "2499"]
[WhiteTeam "UKR"]
[BlackTeam "AUT"]
[WhiteClock "0:00:00"]
[BlackClock "0:00:17"]

1. d4 d5 2. c4 c6 3. Nc3 e6 4. e3 Nf6 5. Nf3 Nbd7 6. Bd3 dxc4 7. Bxc4 b5 8. Be2 Bb7 9. e4 b4 10. e5 bxc3 11. exf6 Nxf6 12. bxc3 Bd6 13. Rb1 Qc7 14. Ne5 O-O 15. Nc4 Be7 16. O-O Rab8 17. Qa4 Nd5 18. Bd2 Ra8 19. Na5 Nb6 20. Qb3 c5 21. Nxb7 Qxb7 22. Bf3 Qa6 23. Bxa8 Rxa8 24. Be3 c4 25. Qb2 Rd8 26. Bf4 Rd5 27. Bc7 Ba3 28. Qe2 Na4 29. Rb8+ Bf8 30. Qf3 Rb5 0-1

[Event "January 2 Early 2024"]
[Site "https://www.chess.com"]
[Date "2024.01.02"]
[Round "8"]
[White "Munoz Sanchez, Miguel"]
[Black "Estrada Nieto, Julian"]
[Result "0-1"]
[Board "147"]
[TimeControl "180+1"]
[WhiteFideId "3600734"]
[BlackFideId "5101018"]
[WhiteElo "2305"]
[BlackElo "2489"]
[WhiteTeam "ECU"]
[BlackTeam "ESP"]
[WhiteClock "0:02:17"]
[BlackClock "0:02:43"]

1. d4 d5 2. c4 dxc4 3. Nf3 Nf6 4. e3 e6 5. Bxc4 c5 6. O-O a6 7. a4 Nc6 8. Qe2 Be7 9. Rd1 O-O 10. Nc3 Qc7 11. dxc5 Bxc5 12. e4 Ng4 13. Rf1 Nd4 14. Nxd4 Qxh2# 0-1

[Event "January 2 Early 2024"]
[Site "https://www.chess.com"]
[Date "2024.01.02"]
[Round "8"]
[White "knightmareprodigy"]
[Black "Kabanov, Nikolai"]
[Result "1-0"]
[Board "148"]
[TimeControl "180+1"]
[BlackFideId "4127820"]
[WhiteElo "2303"]
[BlackElo "2475"]
[BlackTeam "RUS"]
[WhiteClock "0:00:30"]
[BlackClock "0:00:07"]

1. e4 c6 2. d4 d5 3. e5 Bf5 4. h4 h5 5. Bg5 Qb6 6. Bd3 Qxd4 7. Nf3 Qg4 8. O-O Bxd3 9. Qxd3 Nd7 10. e6 Qxe6 11. Re1 Qg6 12. Qb3 O-O-O 13. Nc3 f6 14. Be3 a6 15. Nd4 e5 16. Nxc6 bxc6 17. Nxd5 cxd5 18. Qxd5 Ne7 19. Qc4+ Kb7 20. Rad1 Nc6 21. Rd3 Bb4 22. Rb3 a5 23. a3 Kc7 24. axb4 axb4 25. Rxb4 Rb8 26. Ra4 Ra8 27. Rea1 Qg4 28. Qxg4 hxg4 29. Rxa8 Rxa8 30. Rxa8 Nb4 31. Rg8 Nxc2 32. Rxg7 Kd6 33. h5 Nf8 34. h6 f5 35. Bg5 f4 36. Be7+ Ke6 37. Bxf8 1-0

[Event "January 2 Early 2024"]
[Site "https://www.chess.com"]
[Date "2024.01.02"]
[Round "8"]
[White "Sanchez Alvares, Kelvin Antonio"]
[Black "Pogorelskikh, Sofia"]
[Result "1-0"]
[Board "149"]
[TimeControl "180+1"]
[WhiteFideId "3906680"]
[BlackFideId "44164548"]
[WhiteElo "2456"]
[BlackElo "2298"]
[WhiteTeam "VEN"]
[BlackTeam "SRB"]
[WhiteClock "0:00:28"]
[BlackClock "0:00:00"]

1. e4 c5 2. Nf3 Nc6 3. d4 cxd4 4. Nxd4 Qb6 5. Nb3 e6 6. Nc3 a6 7. Be3 Qc7 8. Be2 b5 9. a3 Bb7 10. f4 d6 11. Qd2 Nf6 12. Bf3 Be7 13. g4 Nd7 14. g5 Nb6 15. Qf2 Nc4 16. O-O-O b4 17. axb4 Nxb4 18. Kb1 Bc6 19. Rd4 Nxe3 20. Qxe3 a5 21. Rc4 Qb7 22. f5 a4 23. Nd4 a3 24. Nxc6 Nxc6 25. b3 Na5 26. Ra4 O-O 27. Ka2 Rfc8 28. fxe6 fxe6 29. Bg4 Bxg5 30. Bxe6+ Kh8 31. Qd3 Rc5 32. b4 Nc6 33. Rxa8+ Qxa8 34. Nd5 Rxd5 35. Bxd5 Nxb4+ 36. Kb3 Nxd3 37. Bxa8 Nc5+ 38. Kxa3 Kg8 39. Bd5+ Kf8 40. Rf1+ Ke8 41. Kb4 Nd7 42. Bc6 Bf6 43. Bxd7+ Kxd7 44. Kc4 Be5 45. h3 Ke6 46. Kd3 g6 47. c4 h5 48. Rf8 g5 49. Ke3 g4 50. h4 1-0